 Dungeon Crawl Stone Soup version 0.27-a0-705-ga0013940fb (webtiles) character file.

Game seed: 11981247771576293554

41 rageheart7 the Skirmisher (level 3, 0/20 HPs)
             Began as a Vine Stalker Fighter on Mar 22, 2021.
             Succumbed to an adder's poison
             ... on level 2 of the Dungeon.
             The game lasted 00:01:39 (990 turns).

rageheart7 the Skirmisher (Vine Stalker Fighter)     Turns: 990, Time: 00:01:39

Health: 0/20       AC:  5    Str: 19    XL:     3   Next: 52%
Magic:  1/4        EV: 10    Int:  8    God:
Gold:   77         SH:  4    Dex: 13    Spells: 2/2 levels left

rFire    . . .     SeeInvis .   a - +1 rapier
rCold    . . .     Faith    .   e - +0 buckler
rNeg     . . .     Spirit   +   h - +0 ring mail
rPois    .         Reflect  .   (no helmet)
rElec    .         Harm     .   (no cloak)
rCorr    .         Rampage  .   (no gloves)
Will     .....                  (no boots)
Stlth    +.........             (no amulet)
HPRegen  0.06/turn              (no ring)
MPRegen  0.09/turn              (no ring)

@: lethally poisoned (0 -> -3)
A: fangs 2, magic shield, antimagic bite, no potion heal 3
a: no special abilities


You were on level 2 of the Dungeon.
You visited 1 branch of the dungeon, and saw 2 of its levels.

You collected 77 gold pieces.

Inventory:

Hand Weapons
 a - a +1 rapier (weapon)
Armour
 c - a +0 kite shield
 e - a +0 buckler (worn)
 h - a +0 ring mail (worn)
Potions
 d - 2 potions of might


   Skills:
 * Level 3.4 Fighting
 * Level 2.6 Short Blades
 - Level 2.4 Armour
 - Level 2.6 Shields


You had 2 spell levels left.
You didn't know any spells.
Your spell library was empty.

Dungeon Overview and Level Annotations

Branches:
Dungeon (2/15)

Altars:


Innate Abilities, Weirdness & Mutations

You have extremely sharp teeth.
When hurt, damage is shared between your health and your magic reserves.
Your bite disrupts and absorbs the magic of your enemies.
Potions cannot restore your health.


Message History

The giant cockroach bites you but does no damage.
The adder bites you but does no damage. The ball python closely misses you.
The ball python grabs you. The ball python constricts you.
You hit the adder.
You kill the adder!
The bat hits you but does no damage. The giant cockroach closely misses you.
The bat barely misses you.
The ball python bites you but does no damage.
The ball python constricts you.
The giant cockroach bites you but does no damage.
The ooze hits you but does no damage.
You closely miss the ball python. Your bite misses the ball python.
The ball python is heavily wounded.
You feel sick. You block the bat's attack. The bat hits you but does no damage.
The ball python bites you.
* * * LOW HITPOINT WARNING * * *
The ball python constricts you. The giant cockroach bites you.
* * * LOW HITPOINT WARNING * * *
The ooze freezes you.
You are frozen.
* * * LOW HITPOINT WARNING * * *
Your ring mail prevents you from hitting the ball python.
You bite the ball python.
You kill the ball python!
The bat hits you but does no damage. The bat closely misses you.
The giant cockroach bites you but does no damage.
The ooze freezes you.
You are frozen.
* * * LOW HITPOINT WARNING * * *
Okay, then.
You barely miss the ooze. The bat misses you.
The giant cockroach barely misses you. The ooze closely misses you.
The giant cockroach waves its antennae.
The giant cockroach barely misses you.
You puncture the ooze!
You kill the ooze!
The bat hits you. You block the giant cockroach's attack.
You hit the giant cockroach. Your bite misses the giant cockroach.
The giant cockroach is almost dead.
You die...

##############
##.....##@....##
##.......†Bb....#
#.................
#................#
.....
#................#
...
#................#
...
#................#
...
#................#
#.#
##..............#
#.#


You could see a giant cockroach and a bat.

Vanquished Creatures
  An adder (D:2)
  A dart slug (D:1)
  2 bats (D:1)
  4 goblins (D:1)
  4 hobgoblins (D:1)
  5 oozes
  3 ball pythons
  2 frilled lizards (D:1)
  5 kobolds (D:1)
  A rat (D:1)
28 creatures vanquished.

Notes
Turn   | Place    | Note
-------+----------+-------------------------------------------
     0 | D:1      | rageheart7 the Vine Stalker Fighter began the quest for the
                  | Orb.
     0 | D:1      | Reached XP level 1. HP: 11/11 MP: 2/2
    32 | D:1      | Reached skill level 3 in Fighting
    64 | D:1      | Reached XP level 2. HP: 12/16 MP: 3/3
   562 | D:1      | Reached XP level 3. HP: 13/20 MP: 2/4
   987 | D:2      | HP: 1/20 [ooze/Freeze (2)]
   990 | D:2      | Succumbed to an adder's poison

Illustrated notes

Levels and vault maps discovered:
D:1:      wander_arrival_lonely_grave, layout_rooms, minmay_domino_2
D:2:      layout_rooms, minmay_randomly_rotated_circles, uniq_terence

Skill      XL: |  1  2 |
---------------+-------+-----
Fighting       | 3 |  3.4
Short Blades   | 2 |  2.6
Armour         | |  2.4
Shields        | |  2.6

Action                   || total
-------------------------++-------
Melee: Rapier            ||    75
       Bite              ||    20
  Use: Scroll            ||     3
Armor: Scale mail        ||    19
       Ring mail         ||    16
Dodge: Dodged            ||    34
Block: Kite shield       ||    14
       Buckler           ||    16

Table legend: (Time is in decaauts)
 A = Elapsed time spent in this place.
 B = Non-inter-level travel time spent in this place.
 C = Inter-level travel time spent in this place.
 D = Time resting spent in this place.
 E = Time spent auto-exploring this place.
 F = Levels seen in this place.
 G = Mean time per level.
                   A        B        C        D        E       F      G
               +--------+--------+--------+--------+--------+-----+--------+
         Total |   1006 |    974 |     32 |    267 |    503 |   2 |  503.0 |
       Dungeon |   1006 |    974 |     32 |    267 |    503 |   2 |  503.0 |
               +--------+--------+--------+--------+--------+-----+--------+

Top non-repeatable levels by time:
     D:1: 984 daAuts
     D:2: 21 daAuts
